 Dungeon Crawl Stone Soup version 0.31-a0-844-gdc52ec4e09 (webtiles) character file.

Game seed: 6840691071624915494

113 Kurtz the Chopper (level 4, -3/31 HPs)
             Began as an Octopode Fighter on Oct 1, 2023.
             Slain by Grinder (6 damage)
             ... on level 3 of the Dungeon.
             The game lasted 00:01:12 (1271 turns).

Kurtz the Chopper (Octopode Fighter)                Turns: 1271, Time: 00:01:13

Health: -3/31      AC:  1    Str: 15    XL:     4   Next: 96%
Magic:  4/4        EV: 13    Int: 10    God:
Gold:   128        SH:  4    Dex: 13    Spells: 3/3 levels left

rFire   . . .        n - +2 whip (venom)
rCold   . . .        b - +0 buckler
rNeg    . . .        (helmet restricted)
rPois   .            (no amulet)
rElec   .            (no ring)
rCorr   .            (no ring)
SInv    .            (no ring)
Will    .....        (no ring)
Stlth   ++           (no ring)
HPRegen 0.25/turn    (no ring)
MPRegen 0.09/turn    (no ring)
                     (no ring)

%: no passive effects
@: brilliant
A: almost no armour, amphibious, 8 rings, camouflage 1, gelatinous body 1,
(nimble swimmer 1), tentacles
a: no special abilities


You were on level 3 of the Dungeon.
You visited 1 branch of the dungeon, and saw 3 of its levels.

You collected 128 gold pieces.

Inventory:

Hand Weapons
 a - a +0 war axe
 n - a +2 whip of venom (weapon)
Armour
 b - a +0 buckler (worn)
Talismans
 q - a talisman of death
Scrolls
 d - a scroll of amnesia {unknown}
 g - 3 scrolls of noise {unknown}
 h - a scroll of brand weapon {unknown}
 i - a scroll of blinking {unknown}
 j - a scroll of identify {unknown}
 k - a scroll of teleportation {unknown}
 l - a scroll of fear {unknown}
 o - a scroll of immolation {unknown}
Potions
 c - 3 potions of might
 f - 2 potions of heal wounds {unknown}
 m - 2 potions of curing {unknown}
 p - a potion of cancellation {unknown}


   Skills:
 - Level 3.0 Fighting
 * Level 5.0 Axes
 - Level 3.0 Dodging
 - Level 3.0 Shields


You had 3 spell levels left.
You didn't know any spells.
Your spell library contained the following spells:

 Spells                   Type           Power      Damage    Failure   Level
 Sublimation of Blood     Necr           0%         N/A       58%         2
 Wereblood                Tmut           0%         N/A       58%         2
 Hailstorm                Conj/Ice       0%         3d3       83%         3
 Summon Ice Beast         Ice/Summ       0%         N/A       99%         4
 Simulacrum               Ice/Necr       0%         N/A       100%        6
 Summon Hydra             Summ           0%         N/A       100%        7


Dungeon Overview and Level Annotations

Branches:
Dungeon (3/15)

Altars:

Annotations:
D:3 Grinder


Innate Abilities, Weirdness & Mutations

You cannot wear most types of armour.
You are amphibious.
You can wear up to eight rings at the same time.
Your skin changes colour to match your surroundings (Stealth+).
Your rubbery body absorbs attacks. (AC +1, EV +1)
((You are camouflaged when in or above water. (Stealth+)))
You have tentacles for arms and can constrict up to eight enemies at once.


Message History

Grinder is nearby!
A ball python comes into view.
The helpless Grinder fails to defend herself.
You hit Grinder. You grab Grinder. You squeeze Grinder.
Grinder is moderately wounded.
You constrict Grinder.
Grinder blinks free!
There are monsters nearby!
Grinder blinks!
The helpless ball python fails to defend itself.
You hit the ball python.
The ball python is poisoned.
You grab the ball python. You squeeze the ball python.
You kill the ball python!
Your Axes skill increases to level 5!
Unknown command.
Found 11 gold pieces.
Grinder gestures at you. You resist with significant effort.
Grinder gestures at you.
You barely resist.
Unknown command.
You hit Grinder. You grab Grinder.
Grinder is moderately wounded.
You constrict Grinder. Grinder gestures at you.
You suddenly lose the ability to move!
You lose your grip on Grinder.
Grinder hits you!
You writhe in agony.
Grinder hits you.
You writhe in agony.
Grinder hits you!
* * * LOW HITPOINT WARNING * * *
You writhe in agony.
* * * LOW HITPOINT WARNING * * *
Grinder hits you.
* * * LOW HITPOINT WARNING * * *
You can move again.
Unknown command.
It was a potion of brilliance.
You feel clever all of a sudden. Grinder hits you.
You die...
Grinder says, "Now the real fun starts!"

# ##..###..####
##....###.# ##
##......##.# ##.# # ..
..........# .#.. ###..
#........# .#$
.)..####?......# ..#
......##.......###.#
.......#.....#...5.####
.......#.#..##..@.....#
.......#.#..##†..####.#
.......#.#..##......
.......#.#..##....#.#
.......#.#......!<# #
.......#.#.###...##
#.#...............#
#.#.##..>.#######.#
#.#.###.#....# #


You could see Grinder.

Vanquished Creatures
  4 adders
  2 worms (D:3)
  A dart slug (D:1)
  9 endoplasms
  4 giant cockroaches
  6 goblins
  4 hobgoblins
  10 jackals
  7 ball pythons
  6 bats
  2 frilled lizards
  5 kobolds
  2 rats
62 creatures vanquished.

Notes
Turn   | Place    | Note
-------+----------+-------------------------------------------
     0 | D:1      | Kurtz the Octopode Fighter began the quest for the Orb.
     0 | D:1      | Reached XP level 1. HP: 16/16 MP: 1/1
    24 | D:1      | Reached XP level 2. HP: 21/21 MP: 2/2
    96 | D:1      | Reached skill level 3 in Axes
   214 | D:1      | Reached XP level 3. HP: 22/26 MP: 3/3
   595 | D:2      | Reached skill level 4 in Axes
   767 | D:2      | Reached XP level 4. HP: 29/31 MP: 4/4
  1256 | D:3      | Noticed Grinder
  1264 | D:3      | Reached skill level 5 in Axes
  1266 | D:3      | Paralysed by Grinder for 5 turns
  1271 | D:3      | Slain by Grinder

Illustrated notes

Levels and vault maps discovered:
D:1:      sevenhm_arrival_forest_fort_small_4, layout_rooms
D:2:      layout_rooms
D:3:      due_chaos_kobolds, layout_basic, kennysheep_vampire_church,
          hangedman_decor_growths, minivault_19, uniq_grinder

Skill      XL: |  1  2  3  4 |
---------------+-------------+-----
Axes           | 3 4 5 |  5.0
Fighting       | |  3.0
Dodging        | |  3.0
Shields        | |  3.0

Action                     |  1- 3 |  4- 6 || total
---------------------------+-------+-------++-------
  Melee: War axe           |    57 |       ||    57
         Constrict         |     8 |    13 ||    21
         Tentacles         |    10 |    12 ||    22
         Whip              |     5 |    41 ||    46
    Use: Potion            |       |     1 ||     1
   Stab: Distracted        |     1 |       ||     1
         Sleeping          |     1 |     5 ||     6
 Armour: Skin              |    23 |    16 ||    39
  Dodge: Dodged            |    30 |    20 ||    50
  Block: Buckler           |    10 |     6 ||    16

Table legend: (Time is in decaauts)
 A = Elapsed time spent in this place.
 B = Non-inter-level travel time spent in this place.
 C = Inter-level travel time spent in this place.
 D = Time resting spent in this place.
 E = Time spent auto-exploring this place.
 F = Levels seen in this place.
 G = Mean time per level.
                   A        B        C        D        E       F      G
               +--------+--------+--------+--------+--------+-----+--------+
         Total |   1290 |   1266 |     24 |    144 |    777 |   3 |  430.0 |
       Dungeon |   1290 |   1266 |     24 |    144 |    777 |   3 |  430.0 |
               +--------+--------+--------+--------+--------+-----+--------+

Top non-repeatable levels by time:
     D:2: 589 daAuts
     D:1: 356 daAuts
     D:3: 344 daAuts
